cohdb
Replays
Latest Replays
All Replays
Popular Replays
Top Player Replays
Match Explorer
How It Works
Community
CoH3 Stats
Reddit
Sign in to upload your games and track your stats! →
Sign in with Steam
Match 40501385
Unlisted
Match 40501385
Overview
Messages
Build Orders
End
Construct Section Command Post
Vickers Machine Gun Team
Selects Canadian Shock Battlegroup
Dingo Light Scout Car
Infantry Section
ML 3-inch Mortar Team
Construct Platoon Command Post
Selects Offensive Resupply
Selects Canadian Shock Section
Canadian Shock Section
Canadian Shock Section
Selects Burnout
Infantry Training
CMP 15cwt Truck
6-pounder Anti-tank Gun Team
Selects Pyrotechnics
Construct Company Command Post
Unlock M3 Grant Medium Tanks
Burnout
M3 Grant Medium Tank
Unlock Bishop Self-propelled Artillery
Bishop Self-propelled Artillery
Burnout
Foot Guards Section
Burnout
Karadoc
1an5Ekasasi
米浴
Dark Angels
蒼星石
Isuka
Enterprise
rhexacglagye
0
0
Comments
sign in to comment!
No comments posted yet!